 Dungeon Crawl Stone Soup version 0.25.1-2-g60ff931df9 (webtiles) character file.

Game seed: 16416939857065322949

32 Garessta the Skirmisher (level 3, -5/29 HPs)
             Began as a Demonspawn Fighter on Oct 16, 2020.
             Slain by an ogre
             ... wielding a +0 giant club
              (16 damage)
             ... on level 3 of the Dungeon.
             The game lasted 00:02:01 (1000 turns).

Garessta the Skirmisher (Demonspawn Fighter)        Turns: 1000, Time: 00:02:02

Health: -5/29      AC:  7    Str: 17    XL:     3   Next: 10%
Magic:  3/3        EV:  7    Int:  9    God:
Gold:   110        SH:  9    Dex: 12    Spells: 2/2 levels left

rFire    . . .     SeeInvis .   a - +1 war axe
rCold    . . .     Gourm    .   c - +0 kite shield
rNeg     . . .     Faith    .   b - +0 scale mail
rPois    .         Spirit   .   (no helmet)
rElec    .         Reflect  .   (no cloak)
rCorr    .         Harm     .   (no gloves)
MR       .....                  (no boots)
Stlth    ..........             (no amulet)
HPRegen  0.09/turn              (no ring)
MPRegen  0.08/turn              (no ring)

@: no status effects
A: rugged brown scales 1, demonic guardian 1
a: no special abilities


You were on level 3 of the Dungeon.
You were not hungry.

You visited 1 branch of the dungeon, and saw 4 of its levels.

You collected 110 gold pieces.

Inventory:

Hand Weapons
 a - a +1 war axe (weapon)
Armour
 b - a +0 scale mail (worn)
 c - a +0 kite shield (worn)
Scrolls
 e - 4 scrolls of teleportation
Potions
 d - a potion of might
 i - a potion of resistance
 l - a potion of invisibility {unknown}
Comestibles
 f - 5 rations


   Skills:
 + Level 3.3 Fighting
 + Level 2.2 Axes
 + Level 3.0 Armour
 + Level 3.0 Shields


You had 2 spell levels left.
You didn't know any spells.
Your spell library was empty.

Dungeon Overview and Level Annotations

Branches:
Dungeon (4/15)
 Temple: D:4-7

Altars:

Annotations:
D:4 1 transporter


Innate Abilities, Weirdness & Mutations

You are partially covered in rugged brown scales. (AC +1, +3% HP)
A weak demonic guardian rushes to your aid.


Message History

The leopard gecko hisses angrily.
An ogre comes into view. It is wielding a +0 giant club.
The ogre shouts!
The ogre moves out of view.
The leopard gecko hisses menacingly.
The ogre hits you with a +0 giant club! You block the leopard gecko's attack.
The leopard gecko barely misses you.
The leopard gecko bites you but does no damage.
Found a scroll labeled XIJADE YWKA.
You block the leopard gecko's attack.
Your iron imp closely misses the leopard gecko.
There is a stone staircase leading up here.
The leopard gecko barely misses you. The ogre hits you with a +0 giant club!
The leopard gecko bites you but does no damage.
You climb upwards.
Your summoned ally is left behind.
Found an embroidered scarf.
There is a stone staircase leading down here.
The ogre hits you with a +0 giant club!
Ouch! That really hurt!
You die...

.... #..# #..#
#..# ## #..#
.. #..#
#.#.#.##O[##.#
.......@l....#
#.#.#.##5.####
.. #..# ...
...# ### ####


You could see an ogre, a leopard gecko and a friendly quasit (summoned).

Vanquished Creatures
  2 dart slugs (D:1)
  A leopard gecko (D:1)
  A giant cockroach (D:2)
  5 goblins (D:1)
  3 hobgoblins (D:1)
  4 kobolds (D:1)
  5 bats (D:1)
  2 frilled lizards (D:1)
  2 rats (D:1)
25 creatures vanquished.

Notes
Turn   | Place    | Note
-------+----------+-------------------------------------------
     0 | D:1      | Garessta the Demonspawn Fighter began the quest for the
                  | Orb.
     0 | D:1      | Reached XP level 1. HP: 18/18 MP: 1/1
   249 | D:1      | Gained mutation: You are partially covered in rugged brown
                  | scales. (AC +1, +3% HP) [demonic ancestry]
   249 | D:1      | Reached XP level 2. HP: 17/24 MP: 2/2
   720 | D:1      | Gained mutation: A weak demonic guardian rushes to your
                  | aid. [demonic ancestry]
   720 | D:1      | Reached XP level 3. HP: 20/29 MP: 3/3
   957 | D:2      | You fall into a shaft and drop 2 floors!
   957 | D:4      | Found a transporter.
   990 | D:4      | Noticed an ogre
  1000 | D:3      | Slain by an ogre

Illustrated notes

Levels and vault maps discovered:
D:1:      mushboom_english_gardens, layout_basic, minmay_tetromino_l4
D:2:      layout_basic, uniq_jessica, uniq_terence
D:3:      layout_loops_ring, moated_statue, serial_bayou_pond_e,
          lemuel_tele_altar, uniq_ijyb, uniq_sigmund, uniq_crazy_yiuf_cottage
D:4:      gammafunk_wand_slinger, layout_rooms, serial_corexii_hall,
          corexii_hall_statues_i, chequers_hall_statues_corner_a,
          portal_sewer_entry_d

Skill      XL: |  1  2 |
---------------+-------+-----
Axes           | 2 |  2.2
Armour         | 3 |  3.0
Shields        | 3 |  3.0
Fighting       | |  3.3

Action                   || total
-------------------------++-------
Melee: War axe           ||    65
  Use: Scroll            ||     6
Armor: Scale mail        ||    44
Dodge: Dodged            ||    23
Block: Kite shield       ||    27
